Cogmind - Beta 13 *** ADVENTURER MODE // 2024.07.13 @ 10:19:41 Player: Jefffff Result: Self-destructed Performance ------------- Evolutions (6) 3000 Regions Visited (11) 2200 Robots Destroyed (130) 650 Value Destroyed (4843) 4843 Prototype IDs (4) 80 Alien Tech Used (0) 0 Bonus (0) 0 TOTAL SCORE: 10773 Bonus ------- None Cogmind --------- Core Integrity 1058/1150 Matter 79/300 Energy 48/100 System Corruption 0% Temperature Cool (12) Movement Walking (120) Location -4/Factory Parts ------- > --- POWER (3) -------- (None) > --- PROPULSION (4) --- Carbon-fiber Leg Flexi-carbon Leg Myomer Leg > --- UTILITY (9) ------ Coolant Injector Large Storage Unit Target Analyzer Improved Armor Integrity Analyzer Recoil Stabilizer Transmission Jammer > --- WEAPON (3) ------- Railgun > --- INVENTORY (15) --- Improved Heat Sink Gravity Neutralizer Machine Analyzer Improved Signal Interpreter Improved Target Analyzer Core Analyzer Hacking Suite Dynamic Insulation System Recalibrator Improved Remote Datajack Peak State ------------ > --- POWER ------------ Improved Deuterium Engine Neutrino Core Micro Fission Core > --- PROPULSION ------- Carbon-fiber Leg Carbon-fiber Leg Flexi-carbon Leg Flexi-carbon Leg > --- UTILITY ---------- Coolant Injector Large Storage Unit Target Analyzer Improved Armor Integrity Analyzer Improved Weapon Cycler Transmission Jammer ECM Suite Medium Reflective Plating Force Field > --- WEAPON ----------- Railgun Heavy Mass Driver > --- INVENTORY -------- Improved Heat Sink Gravity Neutralizer Machine Analyzer Improved Signal Interpreter Improved Target Analyzer Core Analyzer Recoil Stabilizer Hacking Suite Dynamic Insulation System Recalibrator HERF Cannon Heavy Battle Rifle Improved Remote Datajack Plasma Flamer [Rating: 92] Favorites ----------- Power Light Nuclear Core Engine Improved Deuterium Engine Power Core Light Nuclear Core Propulsion Armored Leg Treads Light Treads Leg Armored Leg Wheel Compact Wheel Utility Large Storage Unit Device Improved Heat Sink Storage Large Storage Unit Processor Target Analyzer Hackware Hacking Suite Protection Hardened Light Armor Plating Weapon Autogun Energy Gun Cooled Pulse Rifle Energy Cannon Heavy Ion Cannon Ballistic Gun Autogun Ballistic Cannon Heavy Mass Driver Special Weapon Plasma Flamer Build | -11 -10 -10 -9 -9 -8 -7 -6 -5 -5 -5 -4 ------- Run | Yrd Mat Min Mat Min Mat Fac Fac Fac Upp Upp Fac Slots Evolved 12 | . . . 2 . 2 2 2 2 . . 2 Power 2 | . . . . . . 1 . 1 . . . Propulsion 2 | . . . 1 . . . . . . . 1 Utility 7 | . . . 1 . 2 1 1 1 . . 1 Weapon 1 | . . . . . . . 1 . . . . Parts Attached 122 | 7 . . 23 5 12 9 12 42 5 . 7 Power 20 | 1 . . 4 . 1 2 2 9 1 . . Engine 7 | 1 . . 1 . . . . 4 1 . . Core 13 | . . . 3 . 1 2 2 5 . . . Reactor . | . . . . . . . . . . . . Propulsion 33 | 2 . . 9 4 3 4 3 6 . . 2 Treads 6 | . . . 2 2 2 . . . . . . Leg 24 | . . . 7 1 1 4 3 6 . . 2 Wheel 3 | 2 . . . 1 . . . . . . . Hover . | . . . . . . . . . . . . Flight . | . . . . . . . . . . . . Utility 34 | 2 . . 4 . 6 1 2 14 3 . 2 Device 20 | 1 . . 2 . 4 1 1 8 1 . 2 Storage 2 | 1 . . 1 . . . . . . . . Processor 3 | . . . . . . . . 2 1 . . Hackware 3 | . . . . . 2 . . 1 . . . Protection 6 | . . . 1 . . . 1 3 1 . . Artifact . | . . . . . . . . . . . . Weapon 35 | 2 . . 6 1 2 2 5 13 1 . 3 Energy Gun 12 | . . . 3 . 1 1 1 6 . . . Energy Cannon 7 | . . . . 1 . 1 1 3 . . 1 Ballistic Gun 12 | 2 . . 3 . 1 . 3 1 1 . 1 Ballistic Cannon 2 | . . . . . . . . 2 . . . Launcher . | . . . . . . . . . . . . Special Weapon 2 | . . . . . . . . 1 . . 1 Impact Weapon . | . . . . . . . . . . . . Slashing Weapon . | . . . . . . . . . . . . Piercing Weapon . | . . . . . . . . . . . . Special Melee Weapon . | . . . . . . . . . . . . Unidentified Prototypes 3 | . . . 1 . . 1 . 1 . . . Parts Lost 47 | . . . 6 . 1 . . 26 2 . 12 Power 11 | . . . 1 . . . . 7 . . 3 Propulsion 7 | . . . 2 . . . . 3 . . 2 Utility 18 | . . . 2 . 1 . . 9 2 . 4 Weapon 11 | . . . 1 . . . . 7 . . 3 Highest Loss Streak 11 | . . . 2 . 1 . . 11 2 . 11 To Critical Strikes . | . . . . . . . . . . . . Average Slot Usage (%) 96 | . 100 100 91 99 99 99 100 94 93 94 91 Engine 2 | . 14 14 3 . . . . 4 4 5 4 Core 10 | . . . 7 11 9 14 13 8 11 11 8 Treads 6 | . . . 3 21 22 2 . . . . . Leg 15 | . . . 17 10 4 19 20 16 17 17 20 Wheel 1 | . 28 28 4 . . . . . . . . Device 19 | . 14 14 18 11 23 23 20 18 22 23 25 Storage 7 | . 14 14 11 11 9 7 6 5 5 5 5 Processor 3 | . . . . . . . . 5 10 11 10 Hackware 5 | . . . . . 6 15 13 9 . . . Protection 5 | . . . 2 11 5 . 6 4 5 5 4 Energy Gun 4 | . . . 14 . 4 7 6 5 . . . Energy Cannon 3 | . . . . 9 4 4 6 3 . . 2 Ballistic Gun 6 | . 28 28 7 12 8 2 6 3 4 5 8 Ballistic Cannon 1 | . . . . . . . . 1 5 5 1 Naked Turns . | . . . . . . . . . . . . Heaviest Build 94 | 12 12 12 37 42 45 49 60 87 93 93 94 Greatest Support 75 | 26 26 26 40 48 68 68 54 56 55 55 75 Greatest Overweight (x) 13 | . . . 1 13 . 2 1 1 1 1 1 Average Overweight (x) . | . . . . . . . . . 1 1 . Largest Inventory Capacity 15 | 8 8 8 15 15 15 15 15 15 15 15 15 Average Capacity 14 | 6 8 8 14 15 15 15 15 15 15 15 15 Most Carried 15 | 5 5 7 15 15 15 15 15 15 15 15 14 Average Carried 13 | 2 4 5 10 14 14 14 14 14 14 15 12 Final Capacity 15 | 8 8 8 15 15 15 15 15 15 15 15 15 Final Carried 15 | 3 5 7 8 14 13 15 15 14 15 15 10 Class Distribution -------------------- 25% | Scavenger-Gunner 24% | Mutant 19% | Hacker-Tank 18% | Hacker-Mutant 11% | Scavenger-Mutant Dominant Class ---------------- Mutant | -10/Materials Mutant | -10/Mines Scavenger-Mutant | -9/Materials Mutant | -9/Mines Mutant | -8/Materials Hacker-Mutant | -7/Factory Hacker-Tank | -6/Factory Hacker-Tank | -5/Factory Scavenger-Gunner | -5/Upper Caves Scavenger-Gunner | -5/Upper Caves Scavenger-Gunner | -4/Factory Resources | -11 -10 -10 -9 -9 -8 -7 -6 -5 -5 -5 -4 ----------- Run | Yrd Mat Min Mat Min Mat Fac Fac Fac Upp Upp Fac Matter Collected 3025 | 196 . 43 538 143 179 133 277 899 543 . 74 Remotely . | . . . . . . . . . . . . Salvage Created 5669 | 14 . 43 842 227 311 185 873 2276 569 . 329 Parts 262 | 5 . 3 55 21 17 13 35 83 18 . 12 Haulers Intercepted . | . . . . . . . . . . . . Recyclers Shooed 5 | . . . 1 . . . . 4 . . . Parts Field Recycled . | . . . . . . . . . . . . Retrieved Matter . | . . . . . . . . . . . . Parts Self-Destructed 18 | . . . . . . . . . 18 . . Prevented . | . . . . . . . . . . . . Kills | -11 -10 -10 -9 -9 -8 -7 -6 -5 -5 -5 -4 ------- Run | Yrd Mat Min Mat Min Mat Fac Fac Fac Upp Upp Fac Combat Hostiles Destroyed 106 | . . 3 19 13 6 4 6 35 15 . 5 Guns 63 | . . 3 18 9 3 3 3 16 6 . 2 Cannons 36 | . . . . 4 3 1 1 16 9 . 2 AOE 2 | . . . 1 . . . . . . . 1 Classes Destroyed 14 | 1 . 1 4 . 1 2 . 4 1 . . Worker 3 | . . . . . . 1 . 2 . . . Tunneler 4 | 1 . . . 1 . . 1 1 . . . Recycler 5 | . . . 1 . . . 3 1 . . . Operator 2 | . . . . . . . . 1 . . 1 Watcher 10 | . . . 3 . . . 4 2 . . 1 Swarmer 36 | . . 3 6 13 . 2 . 5 7 . . Grunt 40 | . . . 9 . 2 . 3 19 4 . 3 Brawler 3 | . . . . . . . . 2 1 . . Duelist 1 | . . . . . . . . . 1 . . Sentry 13 | . . . 4 . 3 1 1 3 1 . . Hunter 4 | . . . . . 1 . 1 . . . 2 Programmer 6 | . . . . . . 1 1 4 . . . Heavy 1 | . . . . . . . . 1 . . . Behemoth 2 | . . . . . . . . 1 1 . . Decomposer 1 | . . . . . . . . . 1 . . Best Kill Streak 11 | 1 . 3 4 6 2 2 3 11 11 . 4 Combat Bots Only 11 | . . 3 4 6 2 2 3 5 11 . 3 Max Kills in Single Turn 3 | 1 . 1 2 2 1 1 2 3 2 . 1 Gunslinging 1 | . . . 1 1 . . . 1 . . . Exploded 1 | . . . 1 . . . . . . . 1 Melee . | . . . . . . . . . . . . Uniques/NPCs Destroyed . | . . . . . . . . . . . . Combat | -11 -10 -10 -9 -9 -8 -7 -6 -5 -5 -5 -4 -------- Run | Yrd Mat Min Mat Min Mat Fac Fac Fac Upp Upp Fac Hostile Shots Fired 944 | . . 34 116 45 35 68 115 298 84 . 149 Missed 271 | . . 10 27 13 10 22 37 80 24 . 48 Damage Taken 7197 | . . 137 954 190 260 218 526 3196 716 . 1000 Core 1341 | . . 50 221 12 66 39 63 547 251 . 92 Absorbed by Shields 1383 | . . . . . . 180 312 268 378 . 245 Redirected to Shielding 202 | . . . . . . . 8 101 93 . . Ignored by Resistances 2683 | . . 48 283 64 73 125 252 1175 249 . 414 Core Remaining (%) 73 | 100 . 80 . 41 88 94 92 . . 20 . Volleys Fired 350 | 1 . 9 63 18 21 13 38 130 27 . 30 Largest 3 | 2 . 2 2 2 2 2 3 3 2 . 3 Hottest 198 | 40 . 40 101 88 88 100 158 198 165 . 156 Shots Fired 727 | 2 . 18 108 36 42 26 98 278 53 . 66 Gun 546 | 2 . 18 108 25 31 24 74 190 19 . 55 Cannon 178 | . . . . 11 11 2 24 85 34 . 11 Launcher . | . . . . . . . . . . . . Special 3 | . . . . . . . . 3 . . . Kinetic 373 | 2 . 18 38 25 21 11 37 116 46 . 59 Thermal 254 | . . . 40 11 21 15 28 132 7 . . Explosive . | . . . . . . . . . . . . Electromagnetic 100 | . . . 30 . . . 33 30 . . 7 Robot Hit Streak 44 | 1 . 7 20 11 22 18 13 44 14 . 9 Robot Miss Streak 4 | . . 2 2 3 2 1 2 3 2 . 4 Penetration Max 1 | . . . . . . . 1 1 1 . 1 Secondary Targets 13 | . . . 6 2 . 1 . 4 . . . Max Gunslinging Chain 1 | . . . 1 1 . 1 . 1 . . . Shots Hit Robots 553 | 1 . 13 88 22 36 20 70 232 34 . 37 Core Hits 236 | 1 . 5 37 14 11 9 27 96 19 . 17 Critical Kills 3 | . . . . . . . . 2 1 . . Critical Parts Destroyed 7 | . . . . . 1 . . 5 . . 1 Critical Strikes 24 | . . . 5 . 1 . . 11 4 . 3 Burn 6 | . . . 5 . . . . 1 . . . Meltdown 1 | . . . . . . . . 1 . . . Destroy 9 | . . . . . 1 . . 6 1 . 1 Blast 7 | . . . . . . . . 3 3 . 1 Corrupt 1 | . . . . . . . . . . . 1 Melee Attacks . | . . . . . . . . . . . . Impact . | . . . . . . . . . . . . Slashing . | . . . . . . . . . . . . Piercing . | . . . . . . . . . . . . Sneak Attacks . | . . . . . . . . . . . . Combat Hostiles . | . . . . . . . . . . . . Follow-up Attacks . | . . . . . . . . . . . . Damage Inflicted 13823 | 12 . 122 1683 420 694 329 1610 5835 1681 . 1437 Guns 8221 | 12 . 122 1436 252 394 297 1082 3480 371 . 775 Cannons 4776 | . . . . 163 300 32 494 2292 1310 . 185 Explosions 758 | . . . 247 . . . 34 . . . 477 Melee . | . . . . . . . . . . . . Ramming 23 | . . . . 5 . . . 18 . . . Kinetic 6660 | 12 . 122 401 252 253 129 602 2495 1555 . 839 Thermal 5233 | . . . 793 163 441 200 312 2721 126 . 477 Explosive . | . . . . . . . . . . . . Electromagnetic 1907 | . . . 489 . . . 696 601 . . 121 Impact . | . . . . . . . . . . . . Slashing . | . . . . . . . . . . . . Piercing . | . . . . . . . . . . . . Highest Corruption 3 | . . . . . . 1 . 2 3 3 . Average Corruption 2 | . . . . . . 1 . 1 2 3 . Corruption Purged . | . . . . . . . . . . . . Corruption Blocked . | . . . . . . . . . . . . Effects 48 | . . . . . . 1 . 14 31 2 . Message Errors 5 | . . . . . . . . 2 3 . . Matter Fused 10 | . . . . . . 1 . . 7 2 . Heat Flow Errors 9 | . . . . . . . . 2 7 . . Energy Discharges 9 | . . . . . . . . 5 4 . . Data Loss (minor) 7 | . . . . . . . . 1 6 . . Data Loss (major) 3 | . . . . . . . . 1 2 . . Misfires 5 | . . . . . . . . 3 2 . . Overload Shots . | . . . . . . . . . . . . Overflow Damage 213 | . . . 8 12 . . 24 14 43 . 112 Projectiles 93 | . . . . 12 . . 24 14 43 . . Explosions 120 | . . . 8 . . . . . . . 112 Melee . | . . . . . . . . . . . . Knockbacks 7 | . . . . . . . . 6 1 . . Impact 1 | . . . . . . . . 1 . . . Kinetic 6 | . . . . . . . . 5 1 . . Secondary . | . . . . . . . . . . . . Self-Inflicted Damage 53 | . . . 53 . . . . . . . . Shots 2 | . . . 2 . . . . . . . . Rammed 2 | . . . . 2 . . . . . . . Targets Rammed 6 | . . . 1 2 . . . 3 . . . Kicked 4 | . . . 1 . . . . 3 . . . Crushed . | . . . . . . . . . . . . Highest Temperature 856 | . . . 308 272 62 . 162 856 747 . 197 Average Temperature 131 | . . . 100 104 24 . 44 180 153 . 103 Received Heat Transfer 1932 | . . . 435 . 135 27 166 972 107 . 90 Effects 49 | . . . 2 1 . . . 27 19 . . Shutdowns 11 | . . . . . . . . 4 7 . . Energy Bleed 4 | . . . . 1 . . . 2 1 . . Interference 7 | . . . 2 . . . . 5 . . . Matter Decay 2 | . . . . . . . . 1 1 . . Short Circuit 1 | . . . . . . . . 1 . . . Damage (minor) 4 | . . . . . . . . 3 1 . . Damage (major) 17 | . . . . . . . . 10 7 . . Damage (core) 3 | . . . . . . . . 1 2 . . Siege Activations . | . . . . . . . . . . . . Robots Corrupted 3 | . . . . . . . 2 1 . . . Combat Hostiles 3 | . . . . . . . 2 1 . . . Parts Fried 12 | . . . 2 . . . 3 5 . . 2 Impact Corruptions . | . . . . . . . . . . . . Robots Melted 2 | . . . . . . . . 2 . . . Combat Hostiles 2 | . . . . . . . . 2 . . . Parts Melted 17 | . . . 6 . . . . 11 . . . Heat Transferred 9155 | . . . 1904 222 740 420 596 4723 200 . 350 Parts Sabotaged . | . . . . . . . . . . . . Parts Stolen . | . . . . . . . . . . . . Parts Stripped . | . . . . . . . . . . . . Power Chain Reactions 4 | . . . 3 . . . 1 . . . . Alert | -11 -10 -10 -9 -9 -8 -7 -6 -5 -5 -5 -4 ------- Run | Yrd Mat Min Mat Min Mat Fac Fac Fac Upp Upp Fac Peak Influence 334 | 5 32 80 332 334 150 99 118 263 . . 276 Initial 80 | . 2 10 26 80 . 15 14 29 . . 11 Average 87 | 1 19 50 176 94 25 32 49 128 . . 170 Maximum Alert Level 1 | . . . 1 1 . . . 1 . . 1 Low Security (%) 86 | 100 100 100 52 81 100 100 100 84 . . 58 Level 1 13 | . . . 47 18 . . . 15 . . 41 Level 2 . | . . . . . . . . . . . . Level 3 . | . . . . . . . . . . . . Level 4 . | . . . . . . . . . . . . Level 5 . | . . . . . . . . . . . . High Security . | . . . . . . . . . . . . Max Security . | . . . . . . . . . . . . Squads Dispatched 19 | . 1 . 4 1 . 1 4 6 . . 2 Investigation 7 | . 1 . 2 1 . . 1 1 . . 1 Extermination 5 | . . . . . . 1 2 2 . . . Reinforcement 6 | . . . 2 . . . . 3 . . 1 Assault . | . . . . . . . . . . . . Garrison 1 | . . . . . . . 1 . . . . Intercept . | . . . . . . . . . . . . Searches Triggered . | . . . . . . . . . . . . Construction Impeded 2 | . . . 1 . . . . 1 . . . Haulers Reinforced 1 | . . . . . . . . . . . 1 Active Scanning Responses . | . . . . . . . . . . . . Cargo Convoy Interrupts 1 | . . . . . . . . 1 . . . Stealth | -11 -10 -10 -9 -9 -8 -7 -6 -5 -5 -5 -4 --------- Run | Yrd Mat Min Mat Min Mat Fac Fac Fac Upp Upp Fac Distress Signals 3 | . . . 2 . . . . 1 . . . Communications Jammed 1 | . . . . . . . . . . . 1 Distress Signals 1 | . . . . . . . . . . . 1 Times Spotted 147 | . 1 3 29 14 7 6 14 47 16 . 10 Peak Tracking Total 6 | . 2 3 5 4 2 4 3 6 5 . 3 Tactical Retreats 9 | . 1 . . 1 1 1 . 4 1 . . Traps | -11 -10 -10 -9 -9 -8 -7 -6 -5 -5 -5 -4 ------- Run | Yrd Mat Min Mat Min Mat Fac Fac Fac Upp Upp Fac Traps Triggered 8 | . 1 . 2 . 1 . 1 3 . . . Indirectly . | . . . . . . . . . . . . Trap Hack Attempts . | . . . . . . . . . . . . Triggered . | . . . . . . . . . . . . Disarmed . | . . . . . . . . . . . . Reprogrammed . | . . . . . . . . . . . . Reused . | . . . . . . . . . . . . Traps Extracted . | . . . . . . . . . . . . Installed . | . . . . . . . . . . . . Triggered 3 | . . . . . . . . 3 . . . Machines | -11 -10 -10 -9 -9 -8 -7 -6 -5 -5 -5 -4 ---------- Run | Yrd Mat Min Mat Min Mat Fac Fac Fac Upp Upp Fac Machines Disabled 15 | . . . 2 . . . 1 4 . . 8 Max in Single Turn 5 | . . . 1 . . . 1 1 . . 5 Machines Repaired . | . . . . . . . . . . . . Machines Dismantled . | . . . . . . . . . . . . Machines Sabotaged . | . . . . . . . . . . . . Overloaded Fab Kills . | . . . . . . . . . . . . Hacking | -11 -10 -10 -9 -9 -8 -7 -6 -5 -5 -5 -4 --------- Run | Yrd Mat Min Mat Min Mat Fac Fac Fac Upp Upp Fac Machines Accessed 17 | . 1 . 1 1 2 2 4 3 2 . 1 Terminals 10 | . 1 . 1 . 1 2 2 1 1 . 1 Fabricators 1 | . . . . . . . . 1 . . . Repair Stations 1 | . . . . . . . 1 . . . . Recycling Units 2 | . . . . . . . 1 1 . . . Scanalyzers 1 | . . . . . 1 . . . . . . Garrison Access . | . . . . . . . . . . . . Total Hacks 47 | . 3 . 2 1 7 8 8 8 8 . 2 Successful 27 | . . . 1 1 5 4 2 6 8 . . Failed 20 | . 3 . 1 . 2 4 6 2 . . 2 Catastrophic 6 | . 2 . . . . 1 1 . . . 2 Database Lockouts . | . . . . . . . . . . . . Manual 6 | . 3 . . . 1 2 . . . . . Terminals 35 | . 3 . 2 . 3 8 5 5 7 . 2 Fabricators 1 | . . . . . . . . 1 . . . Repair Stations 1 | . . . . . . . 1 . . . . Recycling Units 4 | . . . . . . . 2 2 . . . Scanalyzers 4 | . . . . . 4 . . . . . . Garrison Access . | . . . . . . . . . . . . Terminal Hacks 23 | . . . 1 1 3 4 2 4 8 . . Record 11 | . . . . . . 2 1 1 7 . . Robot Analysis 1 | . . . 1 . . . . . . . . Open Door 2 | . . . . 1 . . . . 1 . . Terminal Index 1 | . . . . . 1 . . . . . . Recycling Unit Index 1 | . . . . . . 1 . . . . . Alert Level 1 | . . . . . . . . 1 . . . Unreport Threat 1 | . . . . . . . . 1 . . . Locate Traps 2 | . . . . . 1 1 . . . . . Dispatch Records 1 | . . . . . 1 . . . . . . Assault Status 1 | . . . . . . . . 1 . . . Recall Reinforcements 1 | . . . . . . . 1 . . . . Fabricator Hacks 1 | . . . . . . . . 1 . . . Build 1 | . . . . . . . . 1 . . . Repair Station Hacks . | . . . . . . . . . . . . Recycling Unit Hacks 1 | . . . . . . . . 1 . . . Retrieve Components 1 | . . . . . . . . 1 . . . Scanalyzer 2 | . . . . . 2 . . . . . . Insert Component 2 | . . . . . 2 . . . . . . Garrison Access Hacks . | . . . . . . . . . . . . Unauthorized Hacks . | . . . . . . . . . . . . Terminals . | . . . . . . . . . . . . Fabricators . | . . . . . . . . . . . . Repair Stations . | . . . . . . . . . . . . Recycling Units . | . . . . . . . . . . . . Scanalyzers . | . . . . . . . . . . . . Garrison Access . | . . . . . . . . . . . . Data Cores Recovered 1 | . . . . . . . . . . . 1 Used . | . . . . . . . . . . . . Hacking Detections 14 | . 1 . 1 . 2 2 4 2 1 . 1 Full Trace Events 3 | . . . . . . . 1 . 1 . 1 Feedback Events . | . . . . . . . . . . . . Feedback Blocked . | . . . . . . . . . . . . Robot Schematics Acquired . | . . . . . . . . . . . . Robots Built . | . . . . . . . . . . . . Authchips . | . . . . . . . . . . . . Time . | . . . . . . . . . . . . Total Robot Build Rating . | . . . . . . . . . . . . Part Schematics Acquired . | . . . . . . . . . . . . Parts Built 1 | . . . . . . . . 1 . . . Authchips . | . . . . . . . . . . . . Time 117 | . . . . . . . . 117 . . . Total Part Build Rating 7 | . . . . . . . . 7 . . . Parts Repaired . | . . . . . . . . . . . . Time . | . . . . . . . . . . . . Parts Recycled . | . . . . . . . . . . . . Recycled Matter . | . . . . . . . . . . . . Retrieved Matter . | . . . . . . . . . . . . Retrieved Components 7 | . . . . . . . . 7 . . . Parts Scanalyzed 1 | . . . . . 1 . . . . . . Part Schematics Acquired . | . . . . . . . . . . . . Parts Damaged 1 | . . . . . 1 . . . . . . Bothacking | -11 -10 -10 -9 -9 -8 -7 -6 -5 -5 -5 -4 ------------ Run | Yrd Mat Min Mat Min Mat Fac Fac Fac Upp Upp Fac Used RIF Installer . | . . . . . . . . . . . . Robots Hacked . | . . . . . . . . . . . . Non-combat . | . . . . . . . . . . . . Combat . | . . . . . . . . . . . . Robot Hacks Applied . | . . . . . . . . . . . . Relay Couplers Released . | . . . . . . . . . . . . Fabnet Peak Effective % . | . . . . . . . . . . . . Robots Rewired . | . . . . . . . . . . . . Allies Hacked . | . . . . . . . . . . . . Hacks Repelled . | . . . . . . . . . . . . Allies | -11 -10 -10 -9 -9 -8 -7 -6 -5 -5 -5 -4 -------- Run | Yrd Mat Min Mat Min Mat Fac Fac Fac Upp Upp Fac Total Allies . | . . . . . . . . . . . . Largest Group . | . . . . . . . . . . . . Highest-Rated Group . | . . . . . . . . . . . . Highest-Rated Ally . | . . . . . . . . . . . . Total Orders . | . . . . . . . . . . . . Ally Attacks . | . . . . . . . . . . . . Total Damage . | . . . . . . . . . . . . Kills . | . . . . . . . . . . . . Allies Corrupted . | . . . . . . . . . . . . Allies Melted . | . . . . . . . . . . . . Intel | -11 -10 -10 -9 -9 -8 -7 -6 -5 -5 -5 -4 ------- Run | Yrd Mat Min Mat Min Mat Fac Fac Fac Upp Upp Fac Robot Analysis Total 1 | . . . 1 . . . . . . . . Derelict Logs Recovered 2 | . . . . 2 . . . . . . . Drone Launches . | . . . . . . . . . . . . Drone Recoveries . | . . . . . . . . . . . . Exploration | -11 -10 -10 -9 -9 -8 -7 -6 -5 -5 -5 -4 ------------- Run | Yrd Mat Min Mat Min Mat Fac Fac Fac Upp Upp Fac Turns Passed 9557 | 52 182 53 986 1615 785 1163 1149 1482 1806 131 153 Spaces Moved 4596 | 46 119 29 449 943 375 539 531 568 895 69 33 Core 21 | 20 . . . 1 . . . . . . . Treads 1471 | . . . 80 931 375 85 . . . . . Legs 2809 | . . . 248 11 . 454 531 568 895 69 33 Wheels 295 | 26 119 29 121 . . . . . . . . Hover . | . . . . . . . . . . . . Flight . | . . . . . . . . . . . . Fastest Speed 50 | 50 90 90 90 160 160 120 120 120 190 190 120 Average Speed 162 | 72 90 90 160 161 160 126 180 163 190 190 181 Slowest Speed 700 | 90 90 90 190 700 160 260 190 190 190 190 190 Overloaded Moves . | . . . . . . . . . . . . Propulsion Burnouts . | . . . . . . . . . . . . Robots Hopped . | . . . . . . . . . . . . Cave-ins Triggered . | . . . . . . . . . . . . Exploration Rate (%) 31 | 3 23 10 56 99 27 15 18 16 91 15 2 Regions Visited 11 Branch Regions 4 Pre-discovered Areas 3 | . . . . 2 . . . . 1 . . Known Exits Taken . | . . . . . . . . . . . . Unknown Exits Taken 11 | 1 1 1 1 1 1 1 1 1 1 1 . Scrap Searched 6 | . . . . 2 . . . . 4 . . Spaces Dug . | . . . . . . . . . . . . Terrain Destroyed 83 | . . . 10 5 . . . 6 27 . 35 Melee . | . . . . . . . . . . . . Projectile 44 | . . . . 5 . . . 6 27 . 6 AOE 39 | . . . 10 . . . . . . . 29 Terrain Rammed . | . . . . . . . . . . . . Walls Destroyed . | . . . . . . . . . . . . Machines Disabled . | . . . . . . . . . . . . Actions | -11 -10 -10 -9 -9 -8 -7 -6 -5 -5 -5 -4 --------- Run | Yrd Mat Min Mat Min Mat Fac Fac Fac Upp Upp Fac Total 6097 | 62 193 39 614 1004 522 997 648 917 954 69 78 Wait 803 | . 73 . 32 13 101 409 38 111 20 1 5 Move 4585 | 45 118 28 448 942 374 538 530 567 894 68 33 Hop . | . . . . . . . . . . . . Pick Up 129 | 9 2 2 28 13 5 13 12 39 4 . 2 Fast Attach 21 | 1 . . . 2 3 5 2 5 3 . . Attach 61 | 6 . . 10 2 4 2 2 27 1 . 7 Detach 2 | . . . . 1 1 . . . . . . Swap 40 | . . . 13 1 5 2 8 10 1 . . Drop 94 | . . . 19 10 8 15 18 19 4 . 1 Fire 350 | 1 . 9 63 18 21 13 38 130 27 . 30 Melee . | . . . . . . . . . . . . Ram . | . . . . . . . . . . . . Kick 4 | . . . 1 . . . . 3 . . . Crush 2 | . . . . 2 . . . . . . . Escape Stasis 6 | . . . . . . . . 6 . . . Rewire . | . . . . . . . . . . . . Trap . | . . . . . . . . . . . . Miscellaneous . | . . . . . . . . . . . . Route ------- -11/Scrapyard -10/Materials -10/Mines -9/Materials (discovered 2 exits: *Mat / *Min) -9/Mines (discovered 2 exits: *Mat x2) -8/Materials (discovered 2 exits: *Fac / *Sto) -7/Factory -6/Factory -5/Factory (discovered 3 exits: *Fac / *Upp x2) -5/Upper Caves -5/Upper Caves -4/Factory (discovered 2 exits: Ext x2) History --------- Turn | Location | Event 9 | -11/Scrapyard | Discovered new exit (range 15) 53 | -11/Scrapyard | Entered Materials 221 | -10/Materials | Discovered new exit (range 10) 235 | -10/Materials | Entered Mines 278 | -10/Mines | Discovered new exit (range 9) 288 | -10/Mines | Entered Materials 288 | -9/Materials | Evolved 2 slots: Propulsion x1, Utility x1 317 | -9/Materials | Build established: Mutant 555 | -9/Materials | Discovered new exit (range 10) 798 | -9/Materials | Build established: Scavenger-Mutant 803 | -9/Materials | Discovered new exit (range 10) 1106 | -9/Materials | Core integrity fell below 50% 1274 | -9/Materials | Entered Mines 1432 | -9/Mines | Learned 4 Materials zone layouts 1447 | -9/Mines | Met a Derelict shopkeep closing up shop 1533 | -9/Mines | Discovered new exit (range 8) 1552 | -9/Mines | Learned location of Recycling (-8) 1752 | -9/Mines | Build established: Mutant 1864 | -9/Mines | Discovered new exit (range 10) 2370 | -9/Mines | Learned location of Storage (-8) 2605 | -9/Mines | Found a damaged Exp. Sensor Array with a note attached 2612 | -9/Mines | Found Prototype Device 2889 | -9/Mines | Entered Materials 2889 | -8/Materials | Evolved 2 slots: Utility x2 2890 | -8/Materials | Identified exit to Storage 3210 | -8/Materials | Identified Exp. Sensor Array 3285 | -8/Materials | Discovered new exit (range 10) 3674 | -8/Materials | Entered Factory 3674 | -7/Factory | Evolved 2 slots: Power x1, Utility x1 3731 | -7/Factory | Build established: Hacker-Mutant 4829 | -7/Factory | Discovered new exit (range 6) 4837 | -7/Factory | Entered another Factory area 4837 | -6/Factory | Evolved 2 slots: Utility x1, Weapon x1 5134 | -6/Factory | Build established: Hacker-Tank 5285 | -6/Factory | Garrison activated, responded to threat 5835 | -6/Factory | Discovered new exit (range 16) 5986 | -6/Factory | Entered another Factory area 5986 | -5/Factory | Evolved 2 slots: Power x1, Utility x1 6222 | -5/Factory | Fabricated Adv. Cryofiber Web (x1) 6351 | -5/Factory | Discovered new exit (range 16) 6490 | -5/Factory | Lost 4 parts (1p2u1w) 6853 | -5/Factory | Spotted B-75 Beast 6890 | -5/Factory | Cargo convoy interrupted 6937 | -5/Factory | Destroyed B-75 Beast 7015 | -5/Factory | Lost 11 parts (2p2n4u3w) 7187 | -5/Factory | Discovered new exit (range 16) 7196 | -5/Factory | Core integrity fell below 50% 7312 | -5/Factory | Discovered new exit (range 13) 7426 | -5/Factory | Build established: Scavenger-Gunner 7435 | -5/Factory | Lost 5 parts (1p1n2u1w) 7468 | -5/Factory | Entered Upper Caves 7470 | -5/Upper Caves | Attracted the attention of an 0b10 checkpoint 7946 | -5/Upper Caves | Spotted B-75 Beast 8045 | -5/Upper Caves | Destroyed B-75 Beast 8842 | -5/Upper Caves | Attracted the attention of an 0b10 base 8888 | -5/Upper Caves | Destroyed 11 combat bots 8894 | -5/Upper Caves | Learned 8 Factory zone layouts 8894 | -5/Upper Caves | Learned Armory trap positions 9077 | -5/Upper Caves | Discovered new exit (range 5) 9274 | -5/Upper Caves | Entered another Upper Caves area 9358 | -5/Upper Caves | Discovered new exit (range 8) 9363 | -5/Upper Caves | Encountered a Warlord checkpoint 9405 | -5/Upper Caves | Entered Factory 9405 | -4/Factory | Evolved 2 slots: Propulsion x1, Utility x1 9406 | -4/Factory | Identified exit to Extension 9558 | -4/Factory | Self-destructed Last Messages --------------- 09550_ Penetrated by Slug. 09552_ Slug penetrates Wall. 09552_ Slug penetrates Recycling Unit. 09552_ Penetrated by Slug. 09552_ Slug penetrates Assembly Bed. 09553_ Slug penetrates Wall. 09555_ R-10 Processor suffers critical hit (Burn). 09555_ Slug penetrates H-77 Assassin. 09555_ Slug penetrates Terminal. 09555_ R-10 Processor collects Corrupted Flexi-carbon Leg. 09556_ Wall collapses. 09556_ Penetrated by Slug. 09556_ Hvy. Battle Rifle destroyed. 09558_ Penetrated by Slug. 09558_ ECM Suite destroyed. 09558_ Slug penetrates Assembly Bed. 09558_ Penetrated by Slug. [Achievement: Just Browsing] Map ----- +----------------------------------------------------+ | | | | | ?????????????????????????????????????????????????? | | ?????????????????????????????????????????????????? | | ?????????????????????????????????????????????????? | | ?????????????????????????????????????????????????? | | ?????????????????????????????????????????????????? | | ?????????????????????????????????????????????????? | | ?????????????????????????????????????????????????? | | ?????????????????????????????????????????????????? | | ?????????????????????????????????????????????????? | | ?????????????????????????????????????????????????? | | ?????????????????????????????????????????????????? | | ?????????????????????????????????????????????????? | | ?????????????????????????????????????????????????? | | ?????????????????????????????????????????????????? | | ?????????????????##???####???????????????????????? | | ????????????????? ?? #???????????????????????? | | ?????????????????" """" #???????????????????????? | | ???????????????""" """" #???????????????????????? | | ???????????????""" """" #???????????????????????? | | ????????????? """" """" #???????????????????????? | | ????????????# """" """" #??????????#????????????? | | ????????????# " " """" #???????? ????????????? | | ????????????# ###;#;# #???????????? | | ????????????# @ [h ; "????????? | | ????????????# ""Y"" | = ; =h +???????????? | | ????????????# """"" R ][; g #???????????? | | ????????????# ####### #???????????? | | ?##################+######???????? #???????????? | | ?# """"" #?????????????#???????????? | | ## ""T"" #?????????????????????????? | | #?????????????????????????? | | ## #?????????????????????????? | | ?# #?????????????????????????? | | ?########## #?????????????????????????? | | ????????# # #?????????????????????????? | | ????????### #?????????????????????????? | | ????????# "% #?????????????????????????? | | ??????? ]]]#?????????????????????????? | | ??????""" ]] " ???????????????????????? | | ????? % % ]] "#???????????????????????? | | ???? #???????????????????????? | | ??? ###???????????????????????? | | ?? ???????????????????????? | | ?? ????????????????????????? | | ???? ????????????????????????? | | ?????? ?????????????????????????? | | ???????? ???????????????????????????? | | ????????### ?????????????????????????????? | +----------------------------------------------------+ Best States ------------- Heat Dissipation 54 Coolant Potential 80 Energy Generation 40 Energy Capacity 555 Matter Stores 300 Matter Capacity 300 Sight Range 16 Robot Scan Range 20 Terrain Scan Range 16 Terrain Scan Density 10 ECM Strength 1 Jamming Range 12 Base Temperature (-) 200 Armor Coverage 225 Resistance: KI 45 Resistance: TH 35 Resistance: EX 20 Resistance: EM 20 Resistance: I 20 Resistance: S 20 Resistance: P 20 Core Shielding 30 Utility Shielding 66 Weapon Shielding 33 Weapon Cycling 20 Evasion (%) 55 Targeting Accuracy 8 Target Analysis 5 Armor Integrity Analysis 40 Recoil Reduction 7 Offensive Hacking 24 Defensive Hacking 10 Item Schematics ----------------- None Robot Schematics ------------------ None Fabricated ------------ Adv. Cryofiber Web | x1 | -5/Factory | Preloaded Alien Tech Used ----------------- None Achievements -------------- Just Browsing Challenges ------------ None Game ------ Seed BackupRemoteGreatsword Manual? 0 Play Time 01:24:30 Cumulative 19.4 hours Start 2024.07.13 @ 08:54:55 End 2024.07.13 @ 10:19:41 Sessions 1 Manual Loads 0 Difficulty Adventurer Special Mode None Game No. 28 Rogue 0 Adventurer 28 Explorer 0 Win Type - Total 0 Types 0/0/0/0/0/0/0/0/0 Lore% 24 Gallery% 25 Achievement% 20 Wizard Run 0 Options --------- Layout 2 ASCII 0 Keyboard 0 Movement Mouse Keybinds 0 Fullscreen 2 Font 48/Smallcaps Map View 25x22 Zoom Use 63% Tactical HUD 1 Map Filters NONE Filters NONE Steam 1 RUN: 0196ecd8-a3fd-44d6-9803-5a403f3f71f3